 Dungeon Crawl Stone Soup version 0.29-a0-350-g7790a0e70a (webtiles) character file.

Game seed: 14193165133041156146

35 Hubjo the Firebug (level 3, -1/20 HPs)
             Began as a Deep Elf Fire Elementalist on Apr 22, 2022.
             Slain by an orc
             ... wielding a +2 flail of protection
              (10 damage)
             ... on level 4 of the Dungeon.
             The game lasted 00:05:01 (1562 turns).

Hubjo the Firebug (Deep Elf Fire Elementalist)      Turns: 1562, Time: 00:05:02

Health: -1/20      AC:  4    Str:  5    XL:     3   Next: 16%
Magic:  10/10      EV: 12    Int: 19    God:
Gold:   34         SH:  0    Dex: 15    Spells: 8/9 levels left

rFire   . . .      SeeInvis .   c - +0 short sword
rCold   . . .      Faith    .   (no shield)
rNeg    . . .      Spirit   .   a - +0 robe
rPois   .          Reflect  .   (no helmet)
rElec   .          Harm     .   (no cloak)
rCorr   .          Rampage  .   (no gloves)
Will    .....      Clarity  +   (no boots)
Stlth   ++........              (no amulet)
HPRegen 0.06/turn               (no ring)
MPRegen 0.12/turn               (no ring)

@: no status effects
A: iridescent scales 1, clarity, clumsy 1, devolution 1
a: no special abilities


You were on level 4 of the Dungeon.
You visited 1 branch of the dungeon, and saw 3 of its levels.

You collected 34 gold pieces.

Inventory:

Hand Weapons
 c - a +0 short sword (weapon)
Armour
 a - a +0 robe (worn)
 h - a +0 pair of boots
Scrolls
 d - a scroll of vulnerability {unknown}
 f - a scroll of enchant armour {unknown}
 i - a scroll of teleportation {unknown}
Potions
 b - a potion of magic
 g - a potion of invisibility {unknown}


   Skills:
 * Level 1.3 Fighting
 - Level 2.4 Dodging
 + Level 3.0 Stealth
 + Level 3.5 Spellcasting
 - Level 1.1 Conjurations
 + Level 3.6 Fire Magic


You had 8 spell levels left.
You knew the following spells:

 Your Spells              Type           Power      Damage    Failure   Level
a - Foxfire               Conj/Fire      48%        2x1d6     5%          1

Your spell library contained the following spells:

 Spells                   Type           Power      Damage    Failure   Level
 Scorch                   Fire           34%        2d6       4%          2
 Conjure Flame            Conj/Fire      12%        6-21      17%         3
 Inner Flame              Hex/Fire       10%        N/A       21%         3
 Flame Wave               Conj/Fire      12%        2d6       50%         4


Dungeon Overview and Level Annotations

Branches:
Dungeon (2/15)

Altars:


Innate Abilities, Weirdness & Mutations

You are partially covered in iridescent scales. (AC +2)
You possess an exceptional clarity of mind.
You are clumsy. (Dex -2)
You have hidden genetic defects.


Message History

An orc comes into view.
It is wielding a +2 flail of protection.
The orc shouts!
The orc priest shouts!
The hobgoblin shouts!
The orc shouts! x2
You hear an angry hiss.
The orc priest begins to cast a cantrip, but forgets the words!
You closely miss the orc priest.
A kobold comes into view. It is wielding a +0 club.
The orc priest hits you with a +0 club.
You barely miss the orc priest. The hobgoblin barely misses you.
The orc priest hits you with a +0 club.
The kobold shouts!
You hit the orc priest but do no damage.
The hobgoblin hits you but does no damage.
The orc barely misses you. The orc priest hits you with a +0 club.
You hit the orc priest.
The orc priest is lightly wounded.
The orc hits you with a +2 flail of protection.
The hobgoblin hits you but does no damage.
The orc misses you. The orc priest barely misses you.
You are too injured to fight recklessly!
You are too injured to fight recklessly!
You are too injured to fight recklessly!
You are too injured to fight recklessly!
You are too injured to fight recklessly!
You are too injured to fight recklessly!
You are too injured to fight recklessly!
You are too injured to fight recklessly!
You are too injured to fight recklessly!
You are too injured to fight recklessly!
You are too injured to fight recklessly!
You are too injured to fight recklessly!
You are too injured to fight recklessly!
You are too injured to fight recklessly!
You are too injured to fight recklessly!
You are too injured to fight recklessly!
As you read the scroll of immolation, it crumbles to dust.
The creatures around you are filled with an inner flame!
The hobgoblin misses you. The orc barely misses you.
The orc hits you with a +2 flail of protection!
Ouch! That really hurt!
You die...

.# #. ####.## .# #.
..... .# #.###.#.#
.######.....#.#######
.....................
.....................
.#.######.###.###### ###
.#..........#.#####.....
.#..#####.#.#...@oo.#
.#..#####.#.#..ogo.....#
.#........# #......(...#
..........# #.....K.....
.#..#####.# #..........#
.#........# #...........
.#######... ............
.. ............. ##


You could see an orc priest (inner flame), 3 orcs, a hobgoblin (inner flame) and
a kobold (inner flame).

Vanquished Creatures
  3 dart slugs (D:1)
  4 ball pythons (D:1)
  4 bats (D:1)
  3 endoplasms (D:1)
  3 goblins (D:1)
  3 hobgoblins (D:1)
  A quokka (D:1)
  3 frilled lizards (D:1)
  A kobold (D:1)
  2 rats (D:1)
27 creatures vanquished.

Vanquished Creatures (others)
  55 foxfires (D:1)
55 creatures vanquished.

Grand Total: 82 creatures vanquished

Notes
Turn   | Place    | Note
-------+----------+-------------------------------------------
     0 | D:1      | Hubjo the Deep Elf Fire Elementalist began the quest for
                  | the Orb.
     0 | D:1      | Reached XP level 1. HP: 10/10 MP: 6/6
   146 | D:1      | Reached XP level 2. HP: 12/16 MP: 8/8
   535 | D:1      | Reached skill level 1 in Fighting
   638 | D:1      | Gained mutation: Your muscles are strong. (Str +2) [potion
                  | of mutation]
   638 | D:1      | Gained mutation: You are resistant to electric shocks.
                  | (rElec) [potion of mutation]
   652 | D:2      | Found a faded altar of an unknown god.
   741 | D:1      | Lost mutation: Your muscles are strong. (Str +2) [potion of
                  | mutation]
   741 | D:1      | Lost mutation: You are resistant to electric shocks.
                  | (rElec) [potion of mutation]
   741 | D:1      | Gained mutation: You are partially covered in iridescent
                  | scales. (AC +2) [potion of mutation]
   741 | D:1      | Gained mutation: You have hidden genetic defects. [potion
                  | of mutation]
   741 | D:1      | Gained mutation: You possess an exceptional clarity of
                  | mind. [potion of mutation]
   963 | D:1      | Gained mutation: You are clumsy. (Dex -2) [hidden defects]
  1005 | D:1      | Reached XP level 3. HP: 20/20 MP: 9/9
  1050 | D:1      | Gained mutation: You have terrible hidden genetic defects.
                  | [hidden defects]
  1050 | D:1      | Lost mutation: You have terrible hidden genetic defects.
                  | [hidden defects expressed]
  1507 | D:2      | You fall into a shaft and drop 2 floors!
  1562 | D:4      | Slain by an orc

Illustrated notes

Levels and vault maps discovered:
D:1:      amcnicky_arrival_feature_with_door, layout_basic
D:2:      layout_basic, nicolae_ecumenical_oubliette, minmay_pentomino_w2
D:4:      layout_basic, uniq_duvessa

Skill      XL: |  1  2 |
---------------+-------+-----
Fighting       | 1 |  1.3
Stealth        | 3 |  3.0
Dodging        | |  2.4
Spellcasting   | |  3.5
Conjurations   | |  1.1
Fire Magic     | |  3.6

Action                   || total
-------------------------++-------
Melee: Short sword       ||    34
       Punch             ||     1
 Cast: Foxfire           ||    35
  Use: Scroll            ||     3
       Potion            ||     2
 Stab: Sleeping          ||     2
Armor: Robe              ||    12
Dodge: Dodged            ||    27

Table legend: (Time is in decaauts)
 A = Elapsed time spent in this place.
 B = Non-inter-level travel time spent in this place.
 C = Inter-level travel time spent in this place.
 D = Time resting spent in this place.
 E = Time spent auto-exploring this place.
 F = Levels seen in this place.
 G = Mean time per level.
                   A        B        C        D        E       F      G
               +--------+--------+--------+--------+--------+-----+--------+
         Total |   1566 |   1420 |    146 |      0 |   1139 |   3 |  522.0 |
       Dungeon |   1566 |   1420 |    146 |      0 |   1139 |   3 |  522.0 |
               +--------+--------+--------+--------+--------+-----+--------+

Top non-repeatable levels by time:
     D:1: 1500 daAuts
     D:4: 55 daAuts
     D:2: 10 daAuts
